 Dungeon Crawl Stone Soup version 0.31-a0-489-g282fc92 (webtiles) character file.

Game seed: 6585295769929198901

75920 afterthought the Convoker (level 15, -1/96 HPs)
             Began as a Tengu Summoner on Aug 6, 2023.
             Was an Elder of Sif Muna.
             Killed from afar by a frost giant (25 damage)
             ... with a bolt of cold
             ... in an ice cave on Aug 7, 2023.
             The game lasted 04:14:37 (27941 turns).

afterthought the Convoker (Tengu Summoner)         Turns: 27941, Time: 04:14:38

Health: -1/96      AC: 11    Str: 18    XL:     15   Next: 51%
Magic:  9/40       EV: 19    Int: 24    God:    Sif Muna [****..]
Gold:   1152       SH: 12    Dex: 17    Spells: 1/37 levels left

rFire   . . .        p - +4 dagger (flame)
rCold   + . .        i - +2 kite shield
rNeg    . . .        C - +0 acid dragon scales
rPois   +            (helmet restricted)
rElec   .            R - +2 cloak {Stlth+}
rCorr   +            B - +1 pair of gloves of the Foremost Mouths {MP+9 Str+4 Dex+3}
SInv    .            (boots unavailable)
Will    +....        (no amulet)
Stlth   +++          P - ring of wizardry
HPRegen 0.36/turn    X - ring of Ogenn {rPois rC+ Str+4 Int+2}
MPRegen 0.27/turn

%: wizardry (x1)
@: about to teleport, flying quickly and evasively, quick
A: beak, talons 3, nimble flight
a: Renounce Religion, Channel Magic, Forget Spell, Divine Exegesis


You were in an ice cave.
You worshipped Sif Muna.
Sif Muna was greatly pleased with you.
You visited 3 branches of the dungeon, and saw 20 of its levels.
You also visited: Bailey and Ice Cave.

You collected 1152 gold pieces.

Inventory:

Hand Weapons
 p - a +4 dagger of flaming (weapon)
Missiles
 d - 7 javelins
 o - 4 throwing nets
Armour
 g - the +0 leather armour of the Moneychanger {Will++}
   (You found it on level 13 of the Dungeon)

   Will:      It greatly increases your willpower.
 i - a +2 kite shield (worn)
 j - +0 ice dragon scales
 t - a +2 robe of resistance
 B - the +1 pair of gloves of the Foremost Mouths (worn) {MP+9 Str+4 Dex+3}
   (You found it in an ice cave)

   Str:       It affects your strength (+4).
   Dex:       It affects your dexterity (+3).
   MP:        It affects your magic capacity (+9).
 C - +0 acid dragon scales (worn)
 J - a +0 pair of gloves
 R - a +2 cloak of stealth (worn)
Jewellery
 a - the ring "Hejilof" {Will+ Str+6}
   (You found it on level 12 of the Dungeon)

   [ring of strength]

   Str:       It affects your strength (+6).
   Will:      It increases your willpower.
 f - the ring of Gafyrucy {rCorr Str+3 Dex+3}
   (You took it off a skeletal warrior on level 12 of the Dungeon)

   [ring of resist corrosion]

   Str:       It affects your strength (+3).
   Dex:       It affects your dexterity (+3).
   rCorr:     It protects you from acid and corrosion.
 w - a ring of positive energy
 O - a ring of protection from cold
 P - a ring of wizardry (left hand)
 X - the ring of Ogenn (right hand) {rPois rC+ Str+4 Int+2}
   (You took it off a boggart on level 12 of the Dungeon)

   [ring of poison resistance]

   Str:       It affects your strength (+4).
   Int:       It affects your intelligence (+2).
   rC:        It protects you from cold.
   rPois:     It protects you from poison.
 Y - the ring of Dodoelya {Drain rPois Will++ MP-9 Int+6}
   (You took it off a centaur on level 12 of the Dungeon)

   [ring of intelligence]

   Int:       It affects your intelligence (+6).
   rPois:     It protects you from poison.
   MP:        It affects your magic capacity (-9).
   Drain:     It drains your maximum health when unequipped.
   Will:      It greatly increases your willpower.
Wands
 h - a wand of paralysis (23)
 u - a wand of digging (16)
 y - a wand of polymorph (5)
 K - a wand of roots (6)
 Q - a wand of mindburst (4)
 S - a wand of light (6)
Scrolls
 c - a scroll of summoning
 k - 3 scrolls of blinking
 l - 10 scrolls of teleportation
 r - a scroll of enchant armour
 s - 3 scrolls of amnesia
 v - 7 scrolls of enchant weapon
 L - 2 scrolls of fear
 N - a scroll of fog
 Z - 2 scrolls of poison
Potions
 b - 8 potions of magic
 e - 5 potions of curing
 m - 10 potions of might
 n - 4 potions of heal wounds
 q - a potion of mutation
 x - 6 potions of invisibility
 z - 4 potions of haste
 A - 6 potions of brilliance
 D - 5 potions of cancellation
 E - 5 potions of enlightenment
 F - 4 potions of lignification
 G - a potion of resistance
 H - 3 potions of ambrosia
 M - 2 potions of berserk rage


   Skills:
 + Level 12.2 Fighting
 - Level 11.2 Dodging
 - Level 2.0 Stealth
 + Level 5.9 Shields
 + Level 11.5 Spellcasting
 - Level 2.0 Hexes
 + Level 18.7 Summonings
 - Level 5.0 Air Magic
 - Level 7.0 Invocations


You had one spell level left.
You knew the following spells:

 Your Spells              Type           Power      Damage    Failure   Level
a - Summon Small Mammal   Summ           100%       N/A       0%          1
b - Call Imp              Summ           100%       N/A       0%          2
c - Call Canine Familiar  Summ           81%        N/A       0%          3
d - Summon Guardian Gole  Hex/Summ       59%        N/A       1%          3
e - Summon Lightning Spi  Summ/Air       63%        N/A       1%          4
f - Summon Ice Beast      Ice/Summ       56%        N/A       1%          4
g - Summon Mana Viper     Hex/Summ       59%        N/A       2%          5
h - Monstrous Menagerie   Summ           40%        N/A       2%          7
i - Summon Hydra          Summ           40%        N/A       2%          7

Your spell library contained the following spells:

 Spells                   Type           Power      Damage    Failure   Level
 Slow                     Hex            92%        N/A       2%          1
 Necrotise                Necr           52%        1d6       6%          1
 Animate Armour           Summ/Erth      100%       N/A       1%          4
 Swiftness                Air            37%        N/A       2%          3
 Poisonous Vapours        Pois/Air       50%        N/A       3%          2
 Cigotuvi's Dreadful Rot  Necr/Pois/Air  42%        N/A       4%          2
 Ensorcelled Hibernation  Hex/Ice        36%        N/A       6%          2
 Vhi's Electric Charge    Tloc/Air       50%        N/A       6%          3
 Confusing Touch          Hex            23%        N/A       8%          3
 Tukima's Dance           Hex            23%        N/A       8%          3
 Passwall                 Tmut/Erth      10%        N/A       9%          2
 Sublimation of Blood     Necr           13%        N/A       9%          2
 Wereblood                Tmut           13%        N/A       9%          2
 Mephitic Cloud           Conj/Pois/Air  21%        N/A       9%          3
 Portal Projectile        Hex/Tloc       36%        N/A       12%         3
 Frozen Ramparts          Ice            26%        1d4       17%         3
 Hailstorm                Conj/Ice       13%        3d5       17%         3
 Ignite Poison            Fire/Tmut/Pois 13%        N/A       17%         3
 Vampiric Draining        Necr           13%        2d6       17%         3
 Anguish                  Hex/Necr       9%         N/A       34%         4
 Silence                  Hex/Air        15%        N/A       34%         5
 Animate Dead             Necr           13%        N/A       47%         4
 Iskenderun's Mystic Bla  Conj/Tloc      13%        2d5       47%         4
 Arcjolt                  Conj/Air       12%        1d22      47%         5
 Freezing Cloud           Conj/Ice/Air   10%        6-21      58%         5
 Haunt                    Necr/Summ      28%        N/A       67%         7
 Yara's Violent Unravell  Hex/Tmut       9%         3d6       69%         5
 Agony                    Necr           13%        N/A       82%         5
 Fireball                 Conj/Fire      6%         3d5       82%         5
 Lee's Rapid Deconstruct  Erth           6%         3d6*      82%         5
 Starburst                Conj/Fire      6%         6d4       100%        6
 Ozocubu's Refrigeration  Ice            6%         4d8       100%        7
 Infestation              Necr           6%         N/A       100%        8
 Maxwell's Capacitive Co  Air            18%        ∞         100%        8
 Polar Vortex             Ice            6%         N/A       100%        9


Dungeon Overview and Level Annotations

Branches:
Dungeon (14/15)            Temple (1/1) D:5            Lair (5/5) D:10
 Shoals (0/4) Lair:3        Snake (0/4) Lair:2        Slime (0/5) Lair:5
    Orc (0/2) D:9          Bailey (visited)           IceCv (1/1)
 Vaults: D:13-14

Altars:
Ashenzari
Cheibriados
Dithmenos
Elyvilon
Fedhas
Gozag
Hepliaklqana
Kikubaaqudgha
Makhleb
Nemelex Xobeh
Okawaru
Qazlal
Ru
Sif Muna
Trog
Uskayaw
Vehumet
Wu Jian
Xom
Yredelemnul
Zin
The Shining One
Jiyva

Shops:
D:1 :   D:4 *   D:5 *([==   D:13 =

Annotations:
Lair:2 2 transporters, 1 runed translucent door, Dega's ghost, journeyman SpHu
Lair:3 1 runed translucent door, Dega's ghost, journeyman SpHu
Lair:5 exclusion: oklob plant


Innate Abilities, Weirdness & Mutations

You have a beak for a mouth.
You have claws for feet.
Your magical nature lets you fly swiftly and evasively.


Message History

The frost giant barely misses your mana viper.
The frost giant points at you and mumbles some strange words.
The bolt of cold hits your sphinx!!! The bolt of cold hits you! You resist.
Your mana viper barely misses the frost giant.
You are engulfed in freezing vapours.
You resist.
Your sphinx hits the frost giant!
Your sphinx hits the frost giant but does no damage.
Your sphinx hits the frost giant.
The frost giant points at your sphinx and mumbles some strange words.
The bolt of cold hits your sphinx!!!
Your sphinx dies!
Your sphinx's corpse disappears in a puff of smoke!
Your mana viper bites the frost giant but does no damage.
Something tail-slaps your mana viper! Something freezes your mana viper!
Your mana viper seems to slow down.
Your mana viper dies!
Your mana viper disappears in a puff of smoke!
Casting: Monstrous Menagerie (dangerous; 2% risk of failure)
Confirm with . or Enter, or press ? or * to list all spells.
You summon a lindwurm!
The frost giant shouts!
You are engulfed in freezing vapours.
You resist.
* * * LOW HITPOINT WARNING * * *
The frost giant's magic is no longer disrupted.
The frost giant gestures at you while chanting.
The bolt of cold hits your lindwurm! The bolt of cold hits you! You resist.
* * * LOW HITPOINT WARNING * * *
You feel much better.
As you read the scroll of teleportation, it crumbles to dust.
You feel strangely unstable.
Casting: Monstrous Menagerie (dangerous; 2% risk of failure)
Confirm with . or Enter, or press ? or * to list all spells.
Something hits your warg! Something freezes your warg.
Your warg bites the frost giant!
The frost giant gestures at you while chanting.
The bolt of cold hits your warg!!!
Your warg dies!
Your warg's corpse disappears in a puff of smoke!
The bolt of cold hits you!! You resist.
You die...

###.#.# ###....##
##...#### #.#.##
##..## ##..##
#..## ##≈≈##
#≈≈@## #≈≈○≈#
##≈○≈#
#≈≈○############
###§##..C......##
##C.k.........#
#.kC))..###.C...#
#...#......##[....
#...#......|#


hC.. You could see a frost giant and a rime drake.

Vanquished Creatures
  A vampire mosquito (D:11)
  A killer bee zombie (D:9)
2 creatures vanquished.

Vanquished Creatures (collateral kills)
  2 frost giants (IceCv)
  A white draconian (IceCv)
  Nessos (D:12)
  Harold (D:10)
  3 ice dragons (IceCv)
  A fire dragon (D:12)
  4 ironbound frosthearts (IceCv)
  6 hydras
  4 catoblepae
  An alligator (Lair:5)
  3 centaur warriors (D:13)
  4 boulder beetles
  A tengu warrior (D:13)
  A death knight (D:13)
  9 death yaks
  A deep troll shaman (Lair:5)
  A fire crab (shapeshifter) (D:13)
  3 skysharks
  2 skeletal warriors (D:12)
  2 deep elf pyromancers
  An orc knight (D:12)
  2 ugly things (IceCv)
  A wolf spider (shapeshifter) (D:12)
  3 cyclopes
  2 manticores (D:12)
  18 elephants (Lair:5)
  5 black mambas
  A gargoyle (D:13)
  4 cane toads
  9 komodo dragons
  An efreet (D:13)
  6 rime drakes
  4 unseen horror zombies (D:9)
  3 freezing wraiths (D:14)
  A tengu conjurer (D:13)
  7 trolls
  9 polar bears
  7 dream sheep (Lair:4)
  A shadow (D:11)
  A yak (shapeshifter) (D:12)
  A spriggan (Lair:5)
  A slime creature (D:12)
  4 wraiths
  4 wyverns
  26 yaks
  A basilisk (Lair:5)
  9 vampire mosquitoes
  3 acid dragons
  3 nagas (Lair:2)
  16 water moccasins
  3 orc warriors
  2 ice beasts
  A sky beast (D:5)
  3 black bears
  An ogre (D:5)
  15 wolves
  A boggart (D:12)
  8 centaurs
  6 kobold brigands
  10 bullfrogs
  A gnoll sergeant (D:6)
  3 scorpions
  12 wights
  A nameless horror (Lair:5)
  7 howler monkeys
  An electric eel (Lair:2)
  3 centaur zombies (D:9)
  5 hounds
  6 orc priests
  2 jellies
  2 iguanas (D:5)
  12 orc wizards
  A sleepcap (D:4)
  Ijyb (D:3)
  5 howler monkey zombies (D:9)
  15 gnolls
  8 adders
  3 shadow imps
  4 white imps
  An ufetubus (D:6)
  4 worms
  4 dart slugs
  50 orcs
  6 ball pythons
  9 endoplasms
  3 giant cockroaches
  13 goblins
  5 hobgoblins
  8 jackals
  4 quokkas
  3 bats
  5 frilled lizards
  29 kobolds
  3 rats
  A butterfly (Lair:4)
495 creatures vanquished.

Vanquished Creatures (others)
  A catoblepas (Lair:1)
  2 two-headed ogres (D:9)
  2 boulder beetles (D:11)
  A death yak (Lair:2)
  An orc knight (Bailey)
  A lindwurm (Lair:5)
  An ugly thing (IceCv)
  A cane toad (Lair:2)
  An unseen horror zombie (D:9)
  A troll (D:10)
  A slime creature (D:12)
  A wraith (D:9)
  A vampire (D:9)
  2 yaks
  A wyvern (Lair:1)
  A vampire mosquito (D:11)
  A water moccasin (Lair:2)
  An orc warrior (D:9)
  A human (D:5)
  A centaur (D:8)
  A nameless horror (D:13)
  A kobold brigand (D:11)
  3 wights (D:9)
  2 orc priests (D:9)
  2 gnolls (Bailey)
  An orc (D:9)
  2 kobolds (D:11)
35 creatures vanquished.

Grand Total: 532 creatures vanquished

Notes
Turn   | Place    | Note
-------+----------+-------------------------------------------
     0 | D:1      | afterthought the Tengu Summoner began the quest for the
                  | Orb.
     0 | D:1      | Reached XP level 1. HP: 10/10 MP: 4/4
    89 | D:1      | Reached skill level 5 in Summonings
   147 | D:1      | Noticed a walking divine tome
   148 | D:1      | Found Buny's Book Shop.
   148 | D:1      | Noticed a walking divine tome
   152 | D:1      | Reached XP level 2. HP: 15/15 MP: 6/6
   155 | D:1      | Learned a level 2 spell: Call Imp
   544 | D:1      | Reached XP level 3. HP: 15/19 MP: 4/7
   548 | D:1      | Learned a level 3 spell: Call Canine Familiar
  1571 | D:2      | Reached skill level 6 in Summonings
  1747 | D:2      | Reached XP level 4. HP: 24/24 MP: 5/9
  2707 | D:3      | Noticed Ijyb
  2732 | D:3      | Killed Ijyb
  2796 | D:3      | Found a bloodstained altar of Trog.
  2891 | D:3      | Gained mutation: Your magical nature lets you fly swiftly
                  | and evasively. [Tengu growth]
  2891 | D:3      | Reached XP level 5. HP: 28/28 MP: 8/10
  2922 | D:3      | Reached skill level 1 in Fighting
  3537 | D:4      | Reached skill level 7 in Summonings
  3537 | D:4      | Reached XP level 6. HP: 35/35 MP: 6/12
  3659 | D:4      | Noticed a black bear
  3735 | D:4      | Learned a level 3 spell: Summon Guardian Golem
  3809 | D:4      | Killed a black bear
  3821 | D:4      | Reached XP level 7. HP: 40/40 MP: 4/13
  4178 | D:4      | Reached skill level 8 in Summonings
  4183 | D:4      | Learned a level 4 spell: Summon Lightning Spire
  4289 | D:4      | Found Ipy Affe's General Store.
  4662 | D:5      | Entered Level 5 of the Dungeon
  4700 | D:5      | Reached skill level 1 in Air Magic
  4809 | D:5      | Found Uprexunn's Weapon Shoppe.
  4820 | D:5      | Found Xodyta's General Store.
  4932 | D:5      | Found a staircase to the Ecumenical Temple.
  4941 | Temple   | Entered the Ecumenical Temple
  4992 | Temple   | Became a worshipper of Sif Muna the Loreminder
  5210 | D:5      | Found Ifeti's Jewellery Shoppe.
  5211 | D:5      | Found Rixauro's Antique Armour Boutique.
  5270 | D:5      | Reached XP level 8. HP: 46/46 MP: 9/15
  5281 | D:5      | Reached skill level 9 in Summonings
  5519 | D:5      | Found an ancient bone altar of Kikubaaqudgha.
  5611 | D:5      | Found Bafureot's Jewellery Boutique.
  6240 | D:6      | Reached skill level 10 in Summonings
  6422 | D:6      | Reached skill level 5 in Spellcasting
  6422 | D:6      | Reached XP level 9. HP: 38/50 MP: 11/17
  6585 | D:6      | Reached * piety under Sif Muna
  7046 | D:6      | Found a snail-covered altar of Cheibriados.
  7731 | D:7      | Reached ** piety under Sif Muna
  7732 | D:7      | Found a flagged portal.
  7753 | D:7      | Reached skill level 5 in Fighting
  7815 | Bailey   | Entered a bailey
  8088 | Bailey   | Noticed an orc knight
  8107 | Bailey   | Killed an orc knight
  8108 | Bailey   | Reached skill level 5 in Dodging
  8108 | Bailey   | Reached skill level 11 in Summonings
  8108 | Bailey   | Reached skill level 5 in Air Magic
  8724 | D:7      | Learned a level 4 spell: Summon Ice Beast
  9283 | D:8      | Reached XP level 10. HP: 60/60 MP: 12/20
 10020 | D:8      | Found an ornate altar of the Wu Jian Council.
 10191 | D:8      | Upgraded the game from 0.31-a0-479-g91c9547 to
                  | 0.31-a0-484-g30e62f8
 10308 | D:9      | Identified the +1 robe of the Fife {Str+2}
 10358 | D:9      | Reached *** piety under Sif Muna
 10370 | D:9      | Reached skill level 12 in Summonings
 10505 | D:9      | Found a staircase to the Orcish Mines.
 10626 | D:9      | Noticed a two-headed ogre
 10634 | D:9      | Killed a two-headed ogre
 10855 | D:9      | HP: 2/60 [unseen horror zombie (5)]
 10879 | D:9      | Reached skill level 13 in Summonings
 10956 | D:9      | Reached XP level 11. HP: 58/67 MP: 8/22
 11373 | D:9      | Noticed a two-headed ogre
 11384 | D:9      | Killed a two-headed ogre
 11923 | D:9      | Reached **** piety under Sif Muna
 12017 | D:10     | Entered Level 10 of the Dungeon
 12040 | D:10     | Reached skill level 14 in Summonings
 12140 | D:10     | Found a staircase to the Lair.
 12213 | D:10     | Noticed Harold
 12259 | D:10     | Killed Harold
 12260 | D:10     | Reached skill level 1 in Invocations
 12426 | D:10     | Learned a level 5 spell: Summon Mana Viper
 12482 | D:10     | Found an opulent altar of Gozag.
 13154 | D:11     | Noticed a boulder beetle
 13224 | D:11     | Killed a boulder beetle
 13335 | D:11     | Reached skill level 1 in Hexes
 13410 | D:11     | Noticed a boulder beetle
 13434 | D:11     | Killed a boulder beetle
 13435 | D:11     | Reached XP level 12. HP: 73/73 MP: 8/25
 14073 | Lair:1   | Entered Level 1 of the Lair of Beasts
 14469 | Lair:1   | Noticed a catoblepas
 14495 | Lair:1   | Killed a catoblepas
 14744 | Lair:1   | Noticed a boulder beetle
 14774 | Lair:1   | Killed a boulder beetle
 14775 | Lair:1   | Reached skill level 15 in Summonings
 15395 | Lair:2   | Noticed Dega's ghost (journeyman SpHu)
 15400 | Lair:2   | Found a transporter.
 15405 | Lair:2   | Found a bloodstained altar of Trog.
 15406 | Lair:2   | Noticed a death yak
 15406 | Lair:2   | Noticed a death yak
 15409 | Lair:2   | Noticed a death yak
 15410 | Lair:2   | Noticed a death yak
 15411 | Lair:2   | Noticed a death yak
 15417 | Lair:2   | Killed a death yak
 15420 | Lair:2   | Killed a death yak
 15424 | Lair:2   | Killed a death yak
 15428 | Lair:2   | Killed a death yak
 15428 | Lair:2   | Killed a death yak
 15544 | Lair:2   | Found a transporter.
 15979 | Lair:2   | Noticed a skyshark
 15993 | Lair:2   | Killed a skyshark
 16448 | Lair:2   | Found a staircase to the Snake Pit.
 16634 | Lair:2   | Found a runed translucent door.
 16724 | Lair:2   | Reached skill level 16 in Summonings
 17171 | Lair:3   | Reached XP level 13. HP: 80/80 MP: 17/26
 17179 | Lair:3   | Learned a level 7 spell: Monstrous Menagerie
 17576 | Lair:3   | Found a runed translucent door.
 17653 | Lair:3   | Found a staircase to the Shoals.
 17939 | Lair:3   | Noticed Dega's ghost (journeyman SpHu)
 18241 | Lair:4   | Reached skill level 10 in Dodging
 18244 | Lair:4   | Reached ***** piety under Sif Muna
 18492 | Lair:4   | Reached skill level 5 in Invocations
 19421 | Lair:5   | Entered Level 5 of the Lair of Beasts
 19813 | Lair:5   | Reached skill level 17 in Summonings
 19859 | Lair:5   | Reached skill level 10 in Fighting
 19865 | Lair:5   | Received a gift from Sif Muna
 19966 | Lair:5   | Got Golisuesta's Parchment of the Assistive Shot {god gift}
 20361 | Lair:5   | Reached XP level 14. HP: 88/88 MP: 1/28
 21133 | Lair:5   | Found a staircase to the Slime Pits.
 21133 | Lair:5   | Found a viscous altar of Jiyva.
 21652 | Lair:5   | Reached skill level 18 in Summonings
 21914 | Lair:5   | Reached skill level 10 in Spellcasting
 22436 | Lair:5   | Upgraded the game from 0.31-a0-484-g30e62f8 to
                  | 0.31-a0-489-g282fc92
 23328 | D:12     | Reached skill level 1 in Shields
 23696 | D:12     | Identified the ring of Ogenn {rPois rC+ Str+4 Int+2}
 23779 | D:12     | HP: 2/88 [fire dragon/blast of flame (34)]
 23792 | D:12     | Identified the ring of Dodoelya {Drain rPois Will++ MP-9
                  | Int+6}
 24267 | D:12     | Identified the ring "Hejilof" {Will+ Str+6}
 24448 | D:12     | Identified the ring of Gafyrucy {rCorr Str+3 Dex+3}
 24952 | D:12     | Received a gift from Sif Muna
 24955 | D:12     | Got Sif Muna's Incunable of Configuration and Ceraunoscopy
                  | {god gift}
 25019 | D:12     | Noticed Nessos
 25028 | D:12     | Killed Nessos
 25500 | D:13     | Found Gaorav's Jewellery Boutique.
 25826 | D:13     | Reached XP level 15. HP: 28/95 MP: 13/30
 26948 | D:13     | Identified the +0 leather armour of the Moneychanger
                  | {Will++}
 27201 | D:13     | Learned a level 7 spell: Summon Hydra
 27294 | D:14     | Found a frozen archway.
 27327 | IceCv    | Entered an ice cave
 27338 | IceCv    | Reached skill level 5 in Shields
 27823 | IceCv    | Got the Commentary on the Icicle
 27832 | IceCv    | Identified the +1 pair of gloves of the Foremost Mouths
                  | {MP+9 Str+4 Dex+3}
 27889 | IceCv    | Noticed a frost giant
 27890 | IceCv    | Noticed a frost giant
 27904 | IceCv    | Noticed a frost giant
 27912 | IceCv    | Killed a frost giant
 27917 | IceCv    | Killed a frost giant
 27934 | IceCv    | HP: 2/96 [frost giant/bolt of cold (17)]
 27941 | IceCv    | Killed from afar by a frost giant

Illustrated notes

Levels and vault maps discovered:
D:1:      dpeg_arrival_connections, layout_loops_corners, serial_shops,
          nicolae_shop_mannequins, nicolae_grassy_gnolls
D:2:      layout_loops_ring, serial_bayou_lake_a
D:3:      layout_loops_cross, mainiacjoe_overflow_alcove_4, uniq_ijyb
D:4:      layout_cave_pools, serial_shops, shop
D:5:      layout_cave_pools, tgw_kikubaaqudgha, minmay_temple_entry_grid,
          serial_shops, nicolae_shop_peninsula, nicolae_shop_waterfront,
          nicolae_shop_getting_attention, shop, shop
D:6:      cheibrodos_thug_alley, layout_loops_ring, slow_altar_2,
          nicolae_letterblocks [nicolae_letter_subblock,
          nicolae_letter_subblock, nicolae_letter_subblock,
          nicolae_letter_subblock, nicolae_letter_subblock,
          nicolae_letter_subblock, nicolae_letter_subblock,
          nicolae_letter_subblock, nicolae_letter_subblock,
          nicolae_letter_subblock, nicolae_letter_subblock,
          nicolae_letter_subblock, nicolae_letter_subblock,
          nicolae_letter_subblock, nicolae_letter_subblock,
          nicolae_letter_subblock, nicolae_letter_subblock,
          nicolae_letter_subblock, nicolae_letter_subblock,
          nicolae_letter_subblock, nicolae_letter_subblock,
          nicolae_letter_subblock, nicolae_letter_subblock,
          nicolae_letter_subblock, nicolae_letter_subblock]
D:7:      layout_basic, enter_bailey_5, dk_vineyard_1
D:8:      layout_cave_pools, pdpol_wu_jian_five_deadly_venoms, serial_park,
          serial_park_square1 [serial_park_minivault_5x5_1], serial_park_square1
          [serial_park_minivault_5x5_2], serial_park_square1
          [serial_park_minivault_5x5_4]
D:9:      layout_stronghold, david_orc_3, serial_undead, serial_undead_e,
          serial_undead_b, serial_undead_d, serial_undead_d, serial_undead_d,
          serial_undead_b, serial_undead_a, serial_undead_c, serial_undead_c,
          serial_undead_d
D:10:     layout_rooms, mainiacjoe_overflow_cross_hatched, lair_entry_dummy,
          uniq_harold
D:11:     layout_loops_corners
D:12:     minmay_the_grid_triangle_9x9_recursive_2_mashed
          [minmay_the_grid_triangle_9x9_prize_special,
          minmay_the_grid_triangle_9x9_longest,
          minmay_the_grid_triangle_9x9_skeleton,
          minmay_the_grid_triangle_9x9_sparse_checkered], layout_cave_pods,
          uniq_nessos
D:13:     layout_loops_corners, serial_shops, shop
D:14:     layout_loops_corners, ximxim_vaults_locker_room, serial_shops,
          bzr_entry_islet, portal_ice_cave_entry_frozen_things,
          minmay_misc_feat_enclosed, abandoned_shop, minmay_shattered_shrine,
          uniq_louise, uniq_josephine
Temple:   minmay_temple_bridge_d
Lair:1:   layout_cave_pods, nicolae_lair_grove_arrangements
Lair:2:   dreamdust_labyrinth, layout_concentric_octagons,
          nicolae_snake_entry_squirm, gammafunk_ghost_wrathful_warriors,
          serial_bayou_shore_b, serial_bayou_shore_a
Lair:3:   layout_gridlike, minmay_shoals_entry_centaurs,
          ebering_ghost_reflecting_pool
Lair:4:   layout_regular_city, grunt_megastairs_5, lemuel_fruit_fields
Lair:5:   grunt_lair_end_beastmaster, layout_gridlike,
          minmay_slime_entry_oklob_open, grunt_forest_large_clearing_hut,
          grunt_megastairs_3
IceCv:    ice_cave_small_giant

Skill      XL: |  1  2  3  4  5  6  7  8  9 10 11 12 13 14 15 |
---------------+----------------------------------------------+-----
Summonings     | 5 6 7 8 10 11 13 14 16 17 18 | 18.7
Spellcasting   | 3 4 5 6 7 8 9 10 11 | 11.5
Fighting       | 1 2 3 4 5 7 8 9 10 11 12 | 12.2
Air Magic      | 1 4 5 |  5.0
Dodging        | 4 5 7 8 9 10 11 | 11.2
Invocations    | 2 4 5 7 |  7.0
Hexes          | 1 2 |  2.0
Shields        | 3 5 |  5.9
Stealth        | |  2.0

Action                     |  1- 3 |  4- 6 |  7- 9 | 10-12 | 13-15 || total
---------------------------+-------+-------+-------+-------+-------++-------
  Melee: Short sword       |     2 |       |       |       |       ||     2
         Halberd           |       |       |       |     9 |     2 ||    11
         Kick              |       |       |       |     2 |     2 ||     4
         Dagger            |       |       |       |     1 |     3 ||     4
   Cast: Summon Small Mamm |    42 |    48 |    88 |    39 |     5 ||   222
         Call Imp          |    19 |    21 |    45 |    58 |    33 ||   176
         Call Canine Famil |       |     7 |    38 |    62 |    84 ||   191
         Summon Lightning  |       |       |     4 |     8 |    25 ||    37
         Summon Guardian G |       |       |    15 |    47 |     9 ||    71
         Summon Ice Beast  |       |       |       |    34 |    67 ||   101
         Summon Mana Viper |       |       |       |     2 |    63 ||    65
         Monstrous Menager |       |       |       |       |    63 ||    63
         Summon Hydra      |       |       |       |       |     5 ||     5
 Invoke: Channel Magic     |       |       |       |     2 |     7 ||     9
    Use: Scroll            |       |    10 |     9 |     9 |     8 ||    36
         Potion            |       |     1 |       |     2 |     3 ||     6
   Stab: Distracted        |       |       |       |     1 |       ||     1
 Armour: Robe              |     3 |     5 |     2 |     3 |       ||    13
         Troll leather arm |       |       |       |     1 |     7 ||     8
         Acid dragon scale |       |       |       |       |     6 ||     6
  Dodge: Dodged            |     7 |    20 |    59 |    67 |    93 ||   246
  Block: Buckler           |       |       |       |       |    11 ||    11
         Kite shield       |       |       |       |       |     9 ||     9

Table legend: (Time is in decaauts)
 A = Elapsed time spent in this place.
 B = Non-inter-level travel time spent in this place.
 C = Inter-level travel time spent in this place.
 D = Time resting spent in this place.
 E = Time spent auto-exploring this place.
 F = Levels seen in this place.
 G = Mean time per level.
                   A        B        C        D        E       F      G
               +--------+--------+--------+--------+--------+-----+--------+
         Total |  26771 |  25925 |    846 |   2383 |  17478 |  22 | 1216.9 |
       Dungeon |  17405 |  16770 |    635 |   1251 |  11496 |  14 | 1243.2 |
        Temple |     63 |     47 |     16 |      0 |      0 |   1 |   63.0 |
          Lair |   8085 |   7891 |    194 |    696 |   5763 |   5 | 1617.0 |
        Bailey |    619 |    619 |      0 |    157 |    126 |   1 |  619.0 |
      Ice Cave |    596 |    596 |      0 |    278 |     92 |   1 |  596.0 |
               +--------+--------+--------+--------+--------+-----+--------+

Top non-repeatable levels by time:
  Lair:5: 2788 daAuts
    D:12: 2428 daAuts
    D:13: 1909 daAuts
     D:9: 1729 daAuts
     D:6: 1705 daAuts
  Lair:2: 1559 daAuts
  Lair:4: 1554 daAuts
    D:11: 1348 daAuts
     D:1: 1338 daAuts
  Lair:1: 1143 daAuts
     D:3: 1090 daAuts
     D:2: 1088 daAuts
     D:4: 1068 daAuts
  Lair:3: 1038 daAuts
     D:7: 973 daAuts
